 Dungeon Crawl Stone Soup version 0.29.0-4-gdea44cf6ec (webtiles) character file.

Game seed: 13770429956514837024

295 qw the Chopper (level 6, 0/35 HPs)
             Began as a Tengu Warper on Aug 28, 2022.
             Slain by an iguana (10 damage)
             ... on level 4 of the Dungeon.
             The game lasted 00:00:17 (3686 turns).

qw the Chopper (Tengu Warper)                       Turns: 3686, Time: 00:00:18

Health: 0/35       AC: 13    Str: 13    XL:     6   Next: 34%
Magic:  10/10      EV:  7    Int: 13    God:
Gold:   99         SH:  0    Dex: 14    Spells: 9/9 levels left

rFire   . . .      SeeInvis .   Y - +1 hand axe
rCold   . . .      Faith    .   (no shield)
rNeg    . . .      Spirit   .   b - +1 chain mail "Hulefuy" {rCorr}
rPois   .          Reflect  .   (helmet restricted)
rElec   .          Harm     .   (no cloak)
rCorr   +          Rampage  .   (no gloves)
Will    .....                   (boots unavailable)
Stlth   ..........              (no amulet)
HPRegen 0.11/turn               i - +4 ring of protection
MPRegen 0.12/turn               (no ring)

@: flying quickly and evasively, quick
A: beak, talons 3, nimble flight
a: no special abilities


You were on level 4 of the Dungeon.
You visited 1 branch of the dungeon, and saw 4 of its levels.

You collected 99 gold pieces.


Innate Abilities, Weirdness & Mutations

You have a beak for a mouth.
You have claws for feet.
Your magical nature lets you fly swiftly and evasively.


   Skills:
 - Level 2.0 Fighting
 + Level 6.8 Axes
 - Level 1.0 Throwing
 - Level 2.3 Armour
 - Level 2.1 Dodging
 - Level 2.0 Spellcasting
 - Level 2.4 Translocations


You had 9 spell levels left.
You didn't know any spells.
Your spell library contained the following spells:

 Spells                   Type           Power      Damage    Failure   Level
 Blink                    Tloc           14%        N/A       99%         2
 Gell's Gravitas          Tloc           7%         N/A       100%        3
 Lesser Beckoning         Tloc           7%         N/A       100%        3
 Teleport Other           Tloc           7%         N/A       100%        3
 Manifold Assault         Tloc           7%         N/A       100%        5

Inventory:

Hand Weapons
 j - a +0 flail
 Y - a +1 hand axe (weapon)
Armour
 b - the +1 chain mail "Hulefuy" (worn) {rCorr}
   (You acquired it on level 2 of the Dungeon)

   rCorr:     It protects you from acid and corrosion.
Jewellery
 i - a +4 ring of protection (left hand)
Scrolls
 d - a scroll of identify
 l - a scroll of enchant armour
Potions
 a - a potion of heal wounds {unknown}
 c - a potion of invisibility {unknown}
 g - a potion of curing
 k - a potion of haste {unknown}
 m - a potion of brilliance {unknown}

Dungeon Overview and Level Annotations

Branches:
Dungeon (4/15)
 Temple: D:4-7

Altars:
Kikubaaqudgha


Message History

The iguana bites you but does no damage.
You hit the iguana. Your kick misses the iguana.
The iguana is lightly wounded.
The iguana completely misses you.
You barely miss the iguana.
The iguana is lightly wounded.
The iguana bites you.
You barely miss the iguana. You claw the iguana, but do no damage.
The iguana is lightly wounded.
The iguana closely misses you.
You closely miss the iguana.
The iguana is lightly wounded.
You barely miss the iguana.
The iguana is lightly wounded.
The iguana bites you but does no damage.
You hit the iguana but do no damage. Your peck misses the iguana.
The iguana is lightly wounded.
The iguana bites you!
You hit the iguana but do no damage. You peck the iguana.
The iguana is moderately wounded.
The iguana barely misses you.
You hit the iguana. You peck the iguana, but do no damage.
The iguana is heavily wounded.
The iguana bites you but does no damage.
You hit the iguana but do no damage. You claw the iguana.
You peck the iguana, but do no damage.
The iguana is severely wounded.
The iguana bites you!
You hit the iguana but do no damage.
The iguana is severely wounded.
The iguana barely misses you.
You hit the iguana. You punch the iguana, but do no damage.
The iguana is almost dead.
The iguana hisses menacingly.
The iguana bites you but does no damage.
You hit the iguana but do no damage. Your kick misses the iguana.
Your peck misses the iguana.
The iguana is almost dead.
The iguana bites you!
You die...

.## #######..#
##........##
...........#
...........##
............#
............##
.......@.....#
....?..l...#.#
.<.........#
...........#
...........#
...........#
...........#
...........#


You could see an iguana.

Vanquished Creatures
  An ice beast (D:3)
  An ogre (D:3)
  A jelly (D:3)
  4 adders
  A worm (D:3)
  5 orcs (D:3)
  A bat (D:1)
  2 bat zombies (D:3)
  9 endoplasms
  A giant cockroach (D:2)
  7 hobgoblins
  3 jackals (D:2)
  A quokka (D:2)
  5 ball pythons
  A frilled lizard (D:1)
  5 goblins
  2 kobolds (D:1)
  5 rats
  2 rat zombies (D:3)
57 creatures vanquished.

Notes
Turn   | Place    | Note
-------+----------+-------------------------------------------
     0 | D:1      | qw the Tengu Warper began the quest for the Orb.
     0 | D:1      | Reached XP level 1. HP: 12/12 MP: 4/4
     0 | D:1      | 0 ||| qw: Version: 0.1-a-89-g26bdef1
     0 | D:1      | 0 ||| qw: Game counter: 1939
     0 | D:1      | 0 ||| qw: Always use a shield: true
     0 | D:1      | 0 ||| qw: God list: Okawaru
     0 | D:1      | 0 ||| qw: Allow faded altars: false
     0 | D:1      | 0 ||| qw: Do Orc after D:15 true
     0 | D:1      | 0 ||| qw: Do second Lair branch before Depths: true
     0 | D:1      | 0 ||| qw: Lair rune preference: random
     0 | D:1      | 0 ||| qw: Plans: Normal
     0 | D:1      | 0 ||| PLANNING D:1-11
   221 | D:1      | Reached XP level 2. HP: 17/17 MP: 6/6
   257 | D:1      | Reached skill level 3 in Axes
   466 | D:1      | 466 ||| DROPPING +0 club.
   853 | D:1      | 853 ||| Stepping ~*~*~tactically~*~*~ (stealth).
   955 | D:1      | 955 ||| UPGRADING to +0 ring mail.
   965 | D:1      | 965 ||| DROPPING +0 leather armour.
   966 | D:1      | 966 ||| READING scroll labelled ZAWKOH SOADGHOC.
   967 | D:1      | 967 ||| DROPPING scroll of blinking.
  1015 | D:2      | Reached XP level 3. HP: 16/21 MP: 7/7
  1109 | D:2      | Found a faded altar of an unknown god.
  1192 | D:2      | Reached skill level 4 in Axes
  1288 | D:2      | 1288 ||| Stepping ~*~*~tactically~*~*~ (stealth).
  1673 | D:2      | 1673 ||| DROPPING +0 whip.
  1731 | D:2      | Reached XP level 4. HP: 26/26 MP: 8/8
  2093 | D:2      | 2093 ||| DROPPING orb of wrath.
  2094 | D:2      | 2094 ||| UPGRADING to +4 ring of protection.
  2095 | D:2      | 2095 ||| READING scroll labelled XAICAI GINEIHU.
  2096 | D:2      | 2096 ||| READING scroll labelled HEGURA HURPHITS.
  2097 | D:2      | 2097 ||| READING scroll labelled BIAMED HUCLYAMO.
  2097 | D:2      | Identified a scroll of acquirement
  2097 | D:2      | 2097 ||| ACQUIRING +1 chain mail "Hulefuy" {rCorr}
  2097 | D:2      | Acquired the +1 chain mail "Hulefuy" {rCorr}
  2099 | D:2      | 2099 ||| UPGRADING to +1 chain mail "Hulefuy" {rCorr}.
  2109 | D:2      | 2109 ||| DROPPING +0 ring mail.
  2110 | D:2      | 2110 ||| DRINKING 2 fuming silvery potions.
  2259 | D:3      | Noticed an ogre
  2269 | D:3      | Killed an ogre
  2270 | D:3      | Reached skill level 5 in Axes
  2270 | D:3      | Gained mutation: Your magical nature lets you fly swiftly
                  | and evasively. [Tengu growth]
  2270 | D:3      | Reached XP level 5. HP: 17/30 MP: 9/9
  2631 | D:3      | Reached skill level 6 in Axes
  3194 | D:3      | Found an ancient bone altar of Kikubaaqudgha.
  3293 | D:3      | Noticed an ice beast
  3307 | D:3      | Killed an ice beast
  3308 | D:3      | Reached XP level 6. HP: 35/35 MP: 10/10
  3345 | D:3      | 3345 ||| READING 2 scrolls labelled JIHECV AMIA.
  3346 | D:3      | 3346 ||| READING 2 scrolls labelled CIQEST ATETE.
  3347 | D:3      | 3347 ||| READING scroll labelled FIN YMNAMAZA.
  3350 | D:3      | 3350 ||| READING scroll labelled FATEPH COGA.
  3351 | D:3      | 3351 ||| READING 2 scrolls labelled PAETEA GECEM.
  3352 | D:3      | 3352 ||| READING scroll labelled COONGU VAWAUGH.
  3353 | D:3      | 3353 ||| DROPPING scroll of fog.
  3354 | D:3      | 3354 ||| Stepping randomly (stuck).
  3355 | D:3      | 3355 ||| Stepping ~*~*~tactically~*~*~ (cloud).
  3359 | D:3      | HP: 8/35 [poisoned by you (poison gas)]
  3364 | D:3      | HP: 4/35 [poisoned by you (poison gas)]
  3672 | D:4      | 3672 ||| PLANNING SEWER
  3686 | D:4      | Slain by an iguana

Levels and vault maps discovered:
D:1:      dpeg_arrival_stone_temple_mockup, layout_basic
D:2:      layout_loops_ring, basic_ecumenical_altar,
          kennysheep_cross_bottleneck, st_stairs_6,
          chequers_serial_rivers_large_b
D:3:      layout_loops_cross, lemuel_zombie_altar_kikubaaqudgha,
          kennysheep_pointless_box
D:4:      kennysheep_the_goblin_king, layout_cave_pods, lemuel_doored_altar,
          nicolae_sif_muna_little_library, serial_shops, shop,
          cheibrodos_sewer_entry_bend

Skill      XL: |  1  2  3  4  5 |
---------------+----------------+-----
Axes           | 3 4 5 6 |  6.8
Armour         | 2 |  2.3
Fighting       | |  2.0
Throwing       | |  1.0
Dodging        | |  2.1
Spellcasting   | |  2.0
Translocations | |  2.4

Action                   |  1- 3 |  4- 6 || total
-------------------------+-------+-------++-------
Melee: Hand axe          |    68 |   102 ||   170
       Kick              |    15 |    26 ||    41
       Peck              |     8 |    15 ||    23
       Punch             |       |     2 ||     2
Throw: Boomerang         |     7 |       ||     7
  Use: Scroll            |     1 |     9 ||    10
       Potion            |       |     1 ||     1
Armor: Leather armour    |     4 |       ||     4
       Ring mail         |    15 |     1 ||    16
       Chain mail        |       |    39 ||    39
Dodge: Dodged            |    28 |    35 ||    63

Table legend:
 A = Non-vault XP
 B = Vault XP
 C = Vault XP percentage of total XP
 D = Non-vault monster count
 E = Vault monster count
 F = Vault count percentage of total count
                 A         B        C        D         E       F
            +---------+---------+-------+---------+---------+-------
      Total |     414 |       8 |   1.9 |      52 |       5 |   8.8
            +---------+---------+-------+---------+---------+-------
        D:1 |      25 |       0 |   0.0 |      16 |       0 |   0.0
        D:2 |      60 |       2 |   3.2 |      14 |       1 |   6.7
        D:3 |     329 |       6 |   1.8 |      22 |       4 |  15.4
            +---------+---------+-------+---------+---------+-------
